 Dungeon Crawl Stone Soup version 0.24-a0-489-g1c7b743a30 (webtiles) character file.

Game seed: 180269999618780577

208 KristoblXynda the Ruffian (level 5, 0/45 HPs)
             Began as a Troll Wizard on July 11, 2019.
             Succumbed to an adder's poison
             ... on level 3 of the Dungeon.
             The game lasted 00:02:59 (1755 turns).

KristoblXynda the Ruffian (Troll Wizard)            Turns: 1755, Time: 00:03:00

Health: 0/45       AC:  6    Str: 15    XL:     5   Next: 55%
Magic:  4/7        EV:  9    Int: 20    God:
Gold:   53         SH:  0    Dex:  8    Spells: 4/8 levels left

rFire    . . .     SeeInvis .     - Unarmed
rCold    . . .     Gourm    +   (no shield)
rNeg     . . .     Faith    .   a - +0 robe
rPois    .         Spirit   .   b - +0 hat
rElec    .         Reflect  .   (no cloak)
rCorr    .         Harm     .   (gloves unavailable)
MR       .....                  (boots unavailable)
Stlth    +.........             (no amulet)
HPRegen  0.55/turn              (no ring)
MPRegen  0.10/turn              (no ring)

@: brilliant, lethally poisoned (0 -> -1)
A: large, unfitting armour, claws 3, fast metabolism 3, gourmand, regeneration
1, shaggy fur 1, tough skin 3
a: no special abilities


You were on level 3 of the Dungeon.
You were very full.

You visited 1 branch of the dungeon, and saw 3 of its levels.

You collected 53 gold pieces.

Inventory:

Armour
 a - a +0 robe (worn)
 b - a +0 hat (worn)
Scrolls
 c - a scroll of enchant weapon {unknown}
 e - 2 scrolls of identify
 f - a scroll of magic mapping {unknown}
 h - a scroll of teleportation {unknown}
 i - a scroll of immolation {unknown}
Potions
 j - a potion of brilliance
Comestibles
 d - 3 rations
 g - a chunk of flesh


   Skills:
 - Level 1.5 Dodging
 - Level 1.0 Stealth
 + Level 3.7 Unarmed Combat
 - Level 2.0 Spellcasting
 + Level 2.9 Conjurations
   Level 0.6 Summonings
   Level 0.6 Translocations


You had 4 spell levels left.
You knew the following spells:

 Your Spells              Type           Power        Failure   Level  Hunger
a - Magic Dart            Conj           ####         1%          1    #......
b - Mephitic Cloud        Conj/Pois/Air  ###.....     4%          3    ###....

Your spell library contained the following spells:

 Spells                   Type           Power        Failure   Level  Hunger
 Blink                    Tloc           N/A          2%          2    ##.....
 Call Imp                 Summ           ###.....     2%          2    ##.....
 Slow                     Hex            ##......     3%          2    ##.....
 Conjure Flame            Conj/Fire      ###.....     3%          3    ###....


Dungeon Overview and Level Annotations

Branches:
Dungeon (3/15)

Altars:

Annotations:
D:3 Terence


Innate Abilities, Weirdness & Mutations

You are too large for most types of armour.
You have claws for hands.
Your metabolism is lightning-fast.
You like to eat raw meat.
Your natural rate of healing is unusually fast.
You are covered in fur. (AC +1)
You have extremely tough skin. (AC +3)


Message History

Terence is heavily wounded.
You feel sick.
The kobold is engulfed in noxious fumes.
The kobold appears confused.
Terence is engulfed in noxious fumes.
Terence appears confused.
Terence shouts, "What's happening?!"
Terence hits you with a +0 hand axe.
* * * LOW HITPOINT WARNING * * *
You scratch Terence.
Terence is heavily wounded.
* * * LOW HITPOINT WARNING * * *
You feel sick.
The kobold is engulfed in noxious fumes.
The kobold appears confused.
Terence is engulfed in noxious fumes.
Terence appears confused.
Okay, then.
* * * LOW HITPOINT WARNING * * *
You feel sick.
Terence is engulfed in noxious fumes.
Terence appears confused.
Terence ponders the situation.
You die...

##. #..... ..#.. #..S...
..#.# ......#
########.#.### ... ..#
#............#####.#....#
#........#.#..[(......#
#...............(##..##
#..........#####((..##
#...!.....@.@##)....##
#........#.#.†)K.#...#
#........#.###..........
#...>....#.###..#...#...|
#........#<##............
#........#.##.##########.
########..>...# #......#
#......#


You could see Terence (confused) and a kobold (confused).

Vanquished Creatures
  An ice beast (D:2)
  4 adders
  4 gnolls (D:3)
  A worm (D:2)
  A dart slug (D:1)
  4 leopard geckos
  4 bats
  A giant cockroach (D:2)
  7 goblins
  4 hobgoblins
  4 kobolds
  A frilled lizard (D:1)
  5 rats
41 creatures vanquished.

Notes
Turn   | Place    | Note
-------+----------+-------------------------------------------
     0 | D:1      | KristoblXynda the Troll Wizard began the quest for the Orb.
     0 | D:1      | Reached XP level 1. HP: 16/16 MP: 2/2
   205 | D:1      | Reached skill level 1 in Conjurations
   219 | D:1      | Reached skill level 1 in Unarmed Combat
   509 | D:1      | Reached XP level 2. HP: 24/24 MP: 4/4
   806 | D:1      | Reached XP level 3. HP: 14/31 MP: 5/5
   954 | D:2      | Reached skill level 2 in Unarmed Combat
  1077 | D:2      | Noticed an ice beast
  1089 | D:2      | Killed an ice beast
  1089 | D:2      | Reached skill level 3 in Unarmed Combat
  1089 | D:2      | Reached XP level 4. HP: 23/39 MP: 6/6
  1318 | D:2      | Reached XP level 5. HP: 43/45 MP: 7/7
  1657 | D:2      | You fall into a shaft and drop 1 floor!
  1685 | D:3      | Learned a level 3 spell: Mephitic Cloud
  1733 | D:3      | Noticed Terence
  1752 | D:3      | HP: 2/45 [Terence/+0 hand axe (5)]
  1755 | D:3      | Succumbed to an adder's poison

Levels and vault maps discovered:
D:1:      mrwooster_arrival_statue, layout_loops_corners
D:2:      layout_loops_ring, moated_statue
D:3:      layout_rooms, portal_sewer_entry_d, first_ration, minivault_5,
          uniq_terence

Skill      XL: |  1  2  3 |
---------------+----------+-----
Conjurations   | 1 2 |  2.9
Unarmed Combat | 1 3 |  3.7
Dodging        | |  1.5
Stealth        | |  1.0
Spellcasting   | |  2.0
Summonings     | |  0.6
Translocations | |  0.6

Action                   |  1- 3 |  4- 6 || total
-------------------------+-------+-------++-------
Melee: Unarmed           |   107 |    59 ||   166
 Cast: Mephitic Cloud    |       |     1 ||     1
  Use: Scroll            |       |     2 ||     2
       Potion            |       |     1 ||     1
 Stab: Sleeping          |       |     1 ||     1
  Eat: Chunk             |    15 |     6 ||    21
Armor: Robe              |    66 |    27 ||    93
Dodge: Dodged            |    59 |    40 ||    99

Table legend:
 A = Non-vault XP
 B = Vault XP
 C = Vault XP percentage of total XP
 D = Non-vault monster count
 E = Vault monster count
 F = Vault count percentage of total count
                 A         B        C        D         E       F
            +---------+---------+-------+---------+---------+-------
      Total |     298 |       0 |   0.0 |      41 |       0 |   0.0
            +---------+---------+-------+---------+---------+-------
        D:1 |      43 |       0 |   0.0 |      15 |       0 |   0.0
        D:2 |     182 |       0 |   0.0 |      19 |       0 |   0.0
        D:3 |      73 |       0 |   0.0 |       7 |       0 |   0.0
            +---------+---------+-------+---------+---------+-------
